[Event "ICC tourney 1878 (15 10)"]
[Site "Internet Chess Club"]
[Date "2020.06.14"]
[Round "2"]
[White "runtilmorrow1"]
[Black "shaashwath"]
[Result "0-1"]
[ICCResult "White checkmated"]
[WhiteElo "1370"]
[BlackElo "1437"]
[Opening "Sicilian: Najdorf, 6.Bg5"]
[ECO "B94"]
[NIC "SI.04"]
[Time "13:44:04"]
[TimeControl "900+10"]

1. e4 c5 2. Nf3 d6 3. d4 cxd4 4. Nxd4 Nf6 5. Nc3 a6 6. Bg5 Nbd7 7. f4 g6 8.
Qe2 Bg7 9. O-O-O O-O 10. g4 e5 11. Nf3 Qc7 12. f5 h6 13. Bh4 b5 14. g5 hxg5
15. Nxg5 Nb6 16. Kb1 b4 17. Nd5 Nbxd5 18. exd5 Bxf5 19. Bg2 a5 20. Rdf1 a4
21. Ne4 Nxe4 22. Bxe4 Bxe4 23. Qxe4 a3 24. Bf6 axb2 25. Bxg7 Kxg7 26. Rf3
Rfc8 27. Rhf1 Rf8 28. Qxb4 Qa7 29. a3 Rab8 30. Qh4 f5 31. Qg5 Kf7 32. Rxf5+
gxf5 33. Qxf5+ Kg7 34. Qg4+ Kh8 35. Qh5+ Qh7 36. Rxf8+ Rxf8 37. Qe2 Qf5 38.
h4 Qf1+ 39. Qxf1 Rxf1+ 40. Kxb2 Rh1 41. a4 Rxh4 42. a5 Ra4 43. Kb3 Rxa5 44.
c4 Ra8 45. Kb4 Rc8 46. c5 Rxc5 47. Ka4 e4 48. Kb4 e3 49. Ka4 e2 50. Kb3 Kg7
51. Ka4 Kf6 52. Kb4 Ke5 53. Ka3 Kxd5 54. Ka4 Kc4 55. Ka3 Kc3 56. Ka2 Kc2 57.
Ka3 Rc4 58. Ka2 Ra4# {White checkmated} 0-1

[Event "ICC tourney 1878 (15 10)"]
[Site "Internet Chess Club"]
[Date "2020.06.14"]
[Round "2"]
[White "Aniketshukla"]
[Black "firefly64"]
[Result "1/2-1/2"]
[ICCResult "Game drawn because neither player has mating material"]
[WhiteElo "1557"]
[BlackElo "1945"]
[Opening "French: exchange variation"]
[ECO "C01"]
[NIC "FR.01"]
[Time "13:44:17"]
[TimeControl "900+10"]

1. e4 e6 2. d4 d5 3. exd5 exd5 4. Bd3 Nc6 5. c3 Bd6 6. Nf3 Bg4 7. Be3 Nge7
8. Nbd2 Qd7 9. Qc2 f6 10. h3 Bf5 11. a3 O-O-O 12. b4 Bxd3 13. Qxd3 g5 14.
Nb3 h5 15. Nc5 Bxc5 16. bxc5 Na5 17. Nd2 Rde8 18. O-O h4 19. Rfb1 g4 20. Bf4
Reg8 21. Kh2 Ng6 22. Be3 f5 23. Rb5 Nc6 24. Nb3 gxh3 25. gxh3 Nge7 26. Bf4
Rg7 27. Rg1 Rhg8 28. Rxg7 Rxg7 29. Nd2 Ng6 30. Bh6 Rg8 31. f4 Nh8 32. Nf3
Nf7 33. Bg5 Nxg5 34. Nxg5 Re8 35. Rb1 Na5 36. Nf3 Re4 37. Ne5 Qe8 38. c6 Nc4
39. Rxb7 Nxe5 40. dxe5 Qxc6 41. Rxa7 Rxf4 42. Qa6+ Qxa6 43. Rxa6 Re4 44. Rh6
Rxe5 45. Rxh4 Re3 46. c4 dxc4 47. Rxc4 Rxa3 48. Rc5 f4 49. Rf5 Ra4 50. Kg2
Kd7 51. Kf3 Ra3+ 52. Kg4 Rg3+ 53. Kh4 Rf3 54. Kg4 Rf1 55. Rxf4 Rxf4+ 56.
Kxf4 c5 57. Ke4 Ke6 58. h4 Kf6 59. Kd5 Kg6 60. Kxc5 Kh5 61. Kd5 Kxh4
{Game drawn because neither player has mating material}
1/2-1/2

[Event "ICC tourney 1878 (15 10)"]
[Site "Internet Chess Club"]
[Date "2020.06.14"]
[Round "3"]
[White "mopaska1106"]
[Black "shaaketh"]
[Result "1-0"]
[ICCResult "Black checkmated"]
[WhiteElo "1477"]
[BlackElo "1372"]
[Opening "Queen's pawn: Keres defense"]
[ECO "A40"]
[NIC "QO.17"]
[Time "15:13:51"]
[TimeControl "900+10"]

1. d4 e6 2. c4 b6 3. Nf3 Bb7 4. g3 Bxf3 5. exf3 d5 6. Nc3 Nf6 7. Be3 Bb4 8.
Bd3 O-O 9. O-O Bxc3 10. bxc3 c6 11. f4 a6 12. Qf3 b5 13. c5 Ne8 14. f5 g6
15. Bh6 exf5 16. Bxf8 Kxf8 17. Rae1 Nf6 18. Qe3 Nbd7 19. h3 Kg7 20. Qf4 Nf8
21. f3 Ne6 22. Qe5 Kg8 23. g4 f4 24. h4 h6 25. Bxg6 Nd7 26. Bxf7+ Kxf7 27.
Qxe6+ Kg7 28. Qd6 Ra7 29. Qxf4 Qxh4 30. Re6 Nf6 31. Rfe1 Rf7 32. Re7 Kg8 33.
R1e5 Rf8 34. Qf5 Qg3+ 35. Kf1 Qh3+ 36. Ke1 Qh1+ 37. Ke2 Qg2+ 38. Kd1 Nh5 39.
Qh7# {Black checkmated} 1-0

[Event "ICC tourney 1878 (15 10)"]
[Site "Internet Chess Club"]
[Date "2020.06.14"]
[Round "3"]
[White "cloak1"]
[Black "Shima69"]
[Result "0-1"]
[ICCResult "White resigns"]
[WhiteElo "1567"]
[BlackElo "1590"]
[Opening "Sicilian defense"]
[ECO "B20"]
[NIC "SI.48"]
[Time "15:13:54"]
[TimeControl "900+10"]

1. e4 c5 2. a3 g6 3. h4 h5 4. Nh3 Bg7 5. Ng5 Nc6 6. Nc3 d6 7. Bc4 e6 8. O-O
Nh6 9. Rb1 a6 10. b4 b5 11. Bb3 c4 12. Ba2 O-O 13. a4 Rb8 14. Ne2 d5 15. d3
Bb7 16. Be3 Re8 17. Bc5 Ne5 18. d4 Nd7 19. e5 Nxc5 20. bxc5 Bc6 21. axb5
axb5 22. c3 Nf5 23. g3 Bh6 24. Nf3 Ra8 25. Rb2 Qc7 26. Bb1 Ra1 27. Qc2 Rea8
28. Ra2 R1xa2 29. Bxa2 Qa5 30. Bb1 b4 31. cxb4 Qxb4 32. Nf4 Bxf4 33. gxf4
Ra3 34. Qe2 Rxf3 35. Qxf3 Nxd4 36. Qg3 Ne2+ {White resigns} 0-1

[Event "ICC tourney 1878 (15 10)"]
[Site "Internet Chess Club"]
[Date "2020.06.14"]
[Round "3"]
[White "Chessisfunpro"]
[Black "kptl132"]
[Result "1-0"]
[ICCResult "Black resigns"]
[WhiteElo "1397"]
[BlackElo "1327"]
[Opening "Sicilian: accelerated fianchetto, Mar?czy bind, 6.Be3"]
[ECO "B38"]
[NIC "SI.33"]
[Time "15:19:52"]
[TimeControl "900+10"]

1. e4 c5 2. Nf3 Nc6 3. d4 cxd4 4. Nxd4 g6 5. c4 Bg7 6. Be3 d6 7. Nc3 Nf6 8.
Be2 O-O 9. O-O Bd7 10. f4 e5 11. Ndb5 exf4 12. Bxf4 Qb6+ 13. Kh1 Ne5 14.
Qxd6 Bxb5 15. Qxb6 axb6 16. Bxe5 Nxe4 17. Bxg7 Kxg7 18. Nxe4 Bc6 19. Nc3
Rfd8 20. Rad1 h5 21. h4 Re8 22. Bf3 Re3 23. Bxc6 bxc6 24. Rd7 Rf8 25. Rd6
Rc8 26. Rff6 Re1+ 27. Kh2 Rc1 28. Rxc6 Re8 29. Rxb6 Ree1 30. Rf2 {Black
resigns} 1-0

[Event "ICC tourney 1878 (15 10)"]
[Site "Internet Chess Club"]
[Date "2020.06.14"]
[Round "3"]
[White "playerlucky"]
[Black "TheJoker97"]
[Result "1-0"]
[ICCResult "Black resigns"]
[WhiteElo "1475"]
[BlackElo "1597"]
[Opening "King's Indian, 3.Nf3"]
[ECO "E61"]
[NIC "QP.06"]
[Time "15:14:01"]
[TimeControl "900+10"]

1. d4 Nf6 2. Nf3 g6 3. c4 Bg7 4. Nc3 O-O 5. Bg5 d6 6. e3 c5 7. Be2 Nc6 8. a3
Qb6 9. Qd2 Bf5 10. Rd1 Rfe8 11. O-O Ne4 12. Nxe4 Bxe4 13. d5 Na5 14. b4 cxb4
15. Qxb4 Rac8 16. Nd2 Bf5 17. e4 Bd7 18. Be3 Qa6 19. Rfe1 b6 20. c5 bxc5 21.
Bxa6 cxb4 22. Bxc8 Rxc8 23. axb4 Nc4 24. Nxc4 Rxc4 25. Bxa7 Rxb4 26. Rb1 Ra4
27. Be3 Rxe4 28. Rb8+ Bf8 29. Rxf8+ {Black resigns} 1-0

[Event "ICC tourney 1878 (15 10)"]
[Site "Internet Chess Club"]
[Date "2020.06.14"]
[Round "3"]
[White "playtowin2020"]
[Black "GutsyEdge"]
[Result "1/2-1/2"]
[ICCResult "Game drawn because neither player has mating material"]
[WhiteElo "1251"]
[BlackElo "1324"]
[Opening "Sicilian: Kan variation"]
[ECO "B41"]
[NIC "SI.41"]
[Time "15:21:37"]
[TimeControl "900+10"]

1. e4 c5 2. Nf3 e6 3. d4 cxd4 4. Nxd4 a6 5. Be3 Qc7 6. Bd3 Nc6 7. O-O Nf6 8.
Nc3 Be7 9. h3 O-O 10. Qd2 b5 11. f3 Bb7 12. f4 b4 13. Na4 Nxd4 14. Bxd4 Nxe4
15. Bxe4 Bxe4 16. c4 bxc3 17. Nxc3 Bb7 18. Qe3 Rac8 19. f5 Bc5 20. fxe6 dxe6
21. Rad1 Bxd4 22. Rxd4 e5 23. Rg4 Qc5 24. Qxc5 Rxc5 25. Na4 Rc2 26. Rf2 Rfc8
27. Nc3 Rc1+ 28. Kh2 g6 29. Rb4 Ba8 30. Rb6 a5 31. Ra6 e4 32. Rxa5 Re1 33.
Re2 Rxe2 34. Nxe2 Bb7 35. Nc3 Rd8 36. Re5 f5 37. g4 Rd2+ 38. Kg3 Rd3+ 39.
Kh4 Rf3 40. gxf5 gxf5 41. Kg5 e3 42. Kf6 Bc6 43. Re6 Bd7 44. Re7 Bc6 45. Ne2
Rxh3 46. Kxf5 Kf8 47. Re5 Bf3 48. Rxe3 Bg4+ 49. Kf4 Rxe3 50. Kxe3 Be6 51. b3
h5 52. Nf4 Bf7 53. Kf3 Ke7 54. Kg3 Kd6 55. Kh4 Kc5 56. Nxh5 Kb4 57. Nf6 Bxb3
58. axb3 Kxb3 {Game drawn because neither player has mating material}
1/2-1/2

[Event "ICC tourney 1878 (15 10)"]
[Site "Internet Chess Club"]
[Date "2020.06.14"]
[Round "3"]
[White "jy2020"]
[Black "Goran21"]
[Result "1-0"]
[ICCResult "Black resigns"]
[WhiteElo "1599"]
[BlackElo "1496"]
[Opening "Sicilian: Najdorf, Opocensky variation"]
[ECO "B92"]
[NIC "SI.10"]
[Time "15:13:40"]
[TimeControl "900+10"]

1. e4 c5 2. Nf3 d6 3. d4 cxd4 4. Nxd4 Nf6 5. Nc3 a6 6. Be2 e5 7. Nf3 Be7 8.
Bg5 Be6 9. Bxf6 Bxf6 10. O-O O-O 11. Nd5 Bxd5 12. Qxd5 Nc6 13. Bc4 Rc8 14.
Bb3 Na5 15. Rad1 Be7 16. c3 Qb6 17. Nd2 Bg5 18. Nf3 Be7 19. Nd2 Rc5 20. Qd3
Kh8 21. Rb1 g6 22. Bd5 Rc7 23. Kh1 Qa7 24. a4 Nc6 25. b4 Rcc8 26. a5 Qb8 27.
Nc4 Rcd8 28. Rbd1 Na7 29. Nb6 Nb5 30. f4 Qc7 31. Bc4 exf4 32. Bxb5 axb5 33.
Rxf4 d5 34. Qd4+ Kg8 35. Nxd5 Qd6 36. Rff1 Bg5 37. Qb6 Qe5 38. Qxb5 Qxe4 39.
Qxb7 Rde8 40. Nf6+ Bxf6 41. Qxe4 Rxe4 42. Rxf6 Rfe8 43. Kg1 Re2 44. Rf2 R2e3
45. Rc2 Rc8 46. a6 Rd3 47. Rxd3 {Black resigns} 1-0

[Event "ICC tourney 1878 (15 10)"]
[Site "Internet Chess Club"]
[Date "2020.06.14"]
[Round "3"]
[White "Suraj240704"]
[Black "jackhearts"]
[Result "1/2-1/2"]
[ICCResult "Game drawn by repetition"]
[WhiteElo "1497"]
[BlackElo "1729"]
[Opening "King's Indian: S?misch, 5...O-O"]
[ECO "E81"]
[NIC "KI.54"]
[Time "15:13:50"]
[TimeControl "900+10"]

1. d4 Nf6 2. c4 g6 3. f3 Bg7 4. e4 d6 5. Nc3 O-O 6. Be3 c5 7. Nge2 Nc6 8.
Qd2 Qa5 9. g3 cxd4 10. Nxd4 Nxd4 11. Bxd4 Be6 12. Be2 Rfc8 13. b3 a6 14. Rc1
Nd7 15. Bxg7 Kxg7 16. Nd5 Qxd2+ 17. Kxd2 Bxd5 18. cxd5 a5 19. Bb5 Nc5 20.
Rc3 f5 21. exf5 gxf5 22. Rhc1 Kf6 23. a3 Rf8 24. Re3 a4 25. bxa4 f4 26. gxf4
Rg8 27. Rce1 Rg7 28. R1e2 b6 29. Bc6 Ra7 30. Ke1 Nxa4 31. Re6+ Kf5 32. Rh6
Nc5 33. Rh5+ Kxf4 34. Rh4+ Kf5 35. Rh5+ Kf4 36. Rh4+ Kf5 37. Rh5+ Kf4 38.
Rh4+ Kf5 39. Rh5+ {Game drawn by repetition} 1/2-1/2

[Event "ICC tourney 1878 (15 10)"]
[Site "Internet Chess Club"]
[Date "2020.06.14"]
[Round "3"]
[White "NK3"]
[Black "MasterZachary"]
[Result "1-0"]
[ICCResult "Black resigns"]
[WhiteElo "1911"]
[BlackElo "2137"]
[Opening "Two knights defense (Modern bishop's opening)"]
[ECO "C55"]
[NIC "IG.01"]
[Time "15:15:12"]
[TimeControl "900+10"]

1. e4 e5 2. Nf3 Nc6 3. Bc4 Nf6 4. d3 Be7 5. c3 O-O 6. O-O d5 7. exd5 Nxd5 8.
h3 Bf5 9. Re1 Bf6 10. Na3 a6 11. Bb3 Nb6 12. Bc2 Qd7 13. Bg5 Bxg5 14. Nxg5
Rad8 15. Ne4 Nd5 16. Qf3 Nf4 17. d4 Ng6 18. Nc5 Nh4 19. Qh5 Qe7 20. Bxf5 g6
21. Qe2 Nxf5 22. Nxb7 Rb8 23. Qxa6 Qe6 24. Nc5 Qd6 25. Ne4 Qe6 26. d5 Qe7
27. Qxc6 Rxb2 28. Nc4 Rc2 29. Qa4 {Black resigns} 1-0

[Event "ICC tourney 1878 (15 10)"]
[Site "Internet Chess Club"]
[Date "2020.06.14"]
[Round "3"]
[White "mzninja66"]
[Black "dopolian"]
[Result "0-1"]
[ICCResult "White resigns"]
[WhiteElo "1436"]
[BlackElo "1615"]
[Opening "Ruy Lopez: Anderssen variation"]
[ECO "C77"]
[NIC "RL.12"]
[Time "15:13:55"]
[TimeControl "900+10"]

1. e4 e5 2. Nf3 Nc6 3. Bb5 a6 4. Ba4 Nf6 5. d3 b5 6. Bb3 Bc5 7. c3 O-O 8.
O-O d6 9. Nbd2 Be6 10. h3 d5 11. Re1 Re8 12. exd5 Bxd5 13. Bxd5 Qxd5 14. Ne4
Nxe4 15. dxe4 Qxd1 16. Rxd1 Rad8 17. Bg5 f6 18. Bh4 Kf7 19. Kf1 g5 20. Bg3
Ke6 21. Ke2 a5 22. Rd2 Rxd2+ 23. Nxd2 Rd8 24. Nb3 Bb6 25. Rd1 Rxd1 26. Kxd1
h5 27. f3 h4 28. Be1 a4 29. Nc1 Na5 30. Ke2 Nc4 31. b3 Nd6 32. Bf2 Bxf2 33.
Kxf2 axb3 34. axb3 Nb7 35. Ke3 Nc5 36. Kd2 Kd6 37. Ke3 c6 38. Kd2 Ne6 39.
Ne2 Kc5 40. Kd3 b4 41. c4 Nf4+ 42. Nxf4 gxf4 43. Ke2 Kd4 44. Kd2 c5 45. Kc2
Ke3 46. Kd1 Kd3 {White resigns} 0-1

[Event "ICC tourney 1878 (15 10)"]
[Site "Internet Chess Club"]
[Date "2020.06.14"]
[Round "3"]
[White "BrianDeSousa"]
[Black "fishbein"]
[Result "0-1"]
[ICCResult "White resigns"]
[WhiteElo "1501"]
[BlackElo "1656"]
[Opening "Trompowsky attack (Ruth, Opocensk? opening)"]
[ECO "A45"]
[NIC "QP.07"]
[Time "15:13:58"]
[TimeControl "900+10"]

1. d4 Nf6 2. Bg5 Ne4 3. Bf4 c5 4. f3 Qa5+ 5. c3 Nf6 6. d5 Qb6 7. Bc1 e6 8.
e4 c4 9. Bxc4 Bc5 10. Ne2 exd5 11. Bxd5 Nxd5 12. Qxd5 O-O 13. Nd2 d6 14. Qb3
Qd8 15. Nd4 Nc6 16. Qc4 Qh4+ 17. Kd1 Bxd4 18. cxd4 Qf2 19. d5 Ne5 20. Qf1
Qd4 21. Qg1 Qb4 22. Qe3 Bd7 23. a3 Qa5 24. b4 Qa4+ 25. Ke2 f5 26. Bb2 Bb5+
27. Kf2 Nd3+ 28. Kg1 Nxb2 29. e5 dxe5 30. Qxe5 Nd3 {White resigns} 0-1

[Event "ICC tourney 1878 (15 10)"]
[Site "Internet Chess Club"]
[Date "2020.06.14"]
[Round "3"]
[White "hilariouspanda"]
[Black "CoolKoiFish"]
[Result "0-1"]
[ICCResult "White resigns"]
[WhiteElo "1427"]
[BlackElo "1474"]
[Opening "Ruy Lopez: Treybal (Bayreuth) variation (exchange var. deferred)"]
[ECO "C77"]
[NIC "RL.12"]
[Time "15:13:47"]
[TimeControl "900+10"]

1. e4 e5 2. Nf3 Nc6 3. Bb5 a6 4. Ba4 Nf6 5. Bxc6 dxc6 6. d3 Bg4 7. Nbd2 Bc5
8. h3 Bxf3 9. Nxf3 Qe7 10. O-O O-O 11. Bg5 h6 12. Bh4 Rfe8 13. Bg3 Qd6 14.
Nh4 Nh7 15. Nf5 Qg6 16. Qd2 Rad8 17. Kh1 Ng5 18. Qe2 f6 19. h4 Ne6 20. c3
Bb6 21. Qf3 Kh8 22. Bh2 Rd7 23. Rad1 Red8 24. b4 a5 25. a3 axb4 26. axb4 c5
27. bxc5 Bxc5 28. g4 Bb6 29. Rg1 c5 30. c4 Nd4 31. Nxd4 Rxd4 32. Qe3 Ba5 33.
f4 exf4 34. Bxf4 b5 35. g5 fxg5 36. hxg5 h5 37. Be5 R4d7 38. cxb5 Qe6 39.
Qg3 Bb6 40. Rg2 Qg6 41. Rdd2 c4 42. Rh2 Rxd3 43. Rxd3 cxd3 44. Qf3 d2 45.
Rxh5+ Kg8 46. Qb3+ Qf7 47. Qd1 Qxh5+ 48. Qxh5 d1=Q+ 49. Qxd1 Rxd1+
{White resigns}
0-1

[Event "ICC tourney 1878 (15 10)"]
[Site "Internet Chess Club"]
[Date "2020.06.14"]
[Round "3"]
[White "Adhvaith0406"]
[Black "YKQ"]
[Result "1/2-1/2"]
[ICCResult "Game drawn by repetition"]
[WhiteElo "1379"]
[BlackElo "1603"]
[Opening "Ruy Lopez: closed, Bogolyubov variation"]
[ECO "C91"]
[NIC "RL.20"]
[Time "15:14:33"]
[TimeControl "900+10"]

1. e4 e5 2. Nf3 Nc6 3. Bb5 a6 4. Ba4 Nf6 5. O-O Be7 6. Re1 b5 7. Bb3 d6 8.
c3 O-O 9. d4 Bg4 10. Be3 exd4 11. cxd4 Na5 12. Bc2 Nc4 13. Bc1 c5 14. b3 Nb6
15. Bb2 Nfd7 16. h3 Bh5 17. Nbd2 Re8 18. Nf1 Bf6 19. g4 Bg6 20. Ng3 cxd4 21.
Bxd4 Ne5 22. Nxe5 Bxe5 23. Bxe5 dxe5 24. Qxd8 Rexd8 25. Red1 Kf8 26. Kf1 f6
27. Nf5 Bxf5 28. exf5 Rd4 29. Rxd4 exd4 30. Rd1 Rd8 31. Be4 Ke7 32. Rc1 b4
33. Rc6 Rd6 34. Rc7+ Rd7 35. Rc6 Rd6 36. Rc7+ Rd7 37. Rc6 Rd6 38. Rc7+ Rd7
39. Rc6 Rd6 {Game drawn by repetition} 1/2-1/2

[Event "ICC tourney 1878 (15 10)"]
[Site "Internet Chess Club"]
[Date "2020.06.14"]
[Round "3"]
[White "NyzhnykIllia"]
[Black "nicochasin"]
[Result "1-0"]
[ICCResult "Black resigns"]
[WhiteElo "1606"]
[BlackElo "1546"]
[Opening "English: four knights, 4.e3"]
[ECO "A28"]
[NIC "EO.06"]
[Time "15:16:28"]
[TimeControl "900+10"]

1. c4 e5 2. Nc3 Nf6 3. Nf3 Nc6 4. e3 d5 5. cxd5 Nxd5 6. Bb5 Nxc3 7. bxc3 Bd6
8. d4 Bd7 9. O-O O-O 10. Rb1 e4 11. Nd2 Re8 12. d5 Na5 13. Qa4 c6 14. dxc6
bxc6 15. Be2 Qg5 16. g3 Qf5 17. Rd1 Bc7 18. Rb4 c5 19. Bb5 Rad8 20. Bxd7
Rxd7 21. Rb5 Nc6 22. Rb7 Ne5 23. Rxc7 Red8 24. Rxd7 Rxd7 25. Nxe4 Nf3+ 26.
Kg2 Nh4+ 27. Kf1 Qh3+ 28. Ke1 Nf3+ 29. Ke2 Qh5 30. g4 Nd4+ 31. cxd4 Qxg4+
32. f3 Qg2+ 33. Nf2 {Black resigns} 1-0

[Event "ICC tourney 1878 (15 10)"]
[Site "Internet Chess Club"]
[Date "2020.06.14"]
[Round "3"]
[White "BigPapa"]
[Black "gmRohde"]
[Result "0-1"]
[ICCResult "White resigns"]
[WhiteElo "1419"]
[BlackElo "1549"]
[Opening "Sicilian: Taimanov (Bastrikov) variation"]
[ECO "B47"]
[NIC "SI.40"]
[Time "15:19:35"]
[TimeControl "900+10"]

1. e4 c5 2. Nf3 e6 3. d4 cxd4 4. Nxd4 Nc6 5. Nc3 Qc7 6. g3 a6 7. Bg2 d6 8.
O-O Be7 9. Nxc6 bxc6 10. b3 Bf6 11. Bb2 Ne7 12. Na4 Bxb2 13. Nxb2 Bb7 14.
Nc4 d5 15. Ne3 Rd8 16. exd5 cxd5 17. Qg4 O-O 18. c4 d4 19. Bxb7 Qxb7 20. Ng2
Nf5 21. Rad1 d3 22. Rd2 Rd4 23. Qd1 Rfd8 24. Ne1 Qe4 25. Qf3 Qxf3 26. Nxf3
Re4 27. Rfd1 Nd4 28. Nxd4 Rexd4 29. f3 e5 30. Kf2 f5 31. Re1 e4 32. Ke3 Kf7
33. Rf1 Ke6 34. fxe4 Rxe4+ 35. Kf3 g5 36. Rfd1 Red4 37. Ke3 f4+ 38. gxf4
gxf4+ 39. Kf3 Kf5 40. Rg1 Re8 41. Rg7 Re3+ 42. Kf2 Rde4 43. Rd7 Re2+ 44.
Rxe2 dxe2 45. Ke1 f3 46. Rf7+ Kg4 47. h3+ Kg3 48. Rg7+ Kf4 49. Rg4+ Ke3 50.
Rxe4+ Kxe4 51. c5 Ke3 {White resigns} 0-1

[Event "ICC tourney 1878 (15 10)"]
[Site "Internet Chess Club"]
[Date "2020.06.14"]
[Round "3"]
[White "Bo002"]
[Black "musk6868"]
[Result "1-0"]
[ICCResult "Black resigns"]
[WhiteElo "1945"]
[BlackElo "1883"]
[Opening "Catalan opening"]
[ECO "E00"]
[NIC "CA.01"]
[Time "15:13:52"]
[TimeControl "900+10"]

1. d4 Nf6 2. c4 e6 3. g3 Bb4+ 4. Nd2 c5 5. Nf3 O-O 6. a3 Bxd2+ 7. Bxd2 cxd4
8. Nxd4 Nc6 9. Nxc6 dxc6 10. Bg2 e5 11. Qc2 Be6 12. O-O Qd4 13. b3 Rfe8 14.
Rad1 Ng4 15. h3 Nf6 16. Be3 Bf5 17. Qxf5 Qb2 18. Bh6 Re6 19. Be3 Qxa3 20.
Qc2 Qb4 21. Rd2 h6 22. Rfd1 Ree8 23. Qf5 Qxb3 24. Bxh6 Nh7 25. Rd7 Qxc4 26.
Bd5 Qxd5 27. R1xd5 cxd5 28. Qxf7+ {Black resigns} 1-0

[Event "ICC tourney 1878 (15 10)"]
[Site "Internet Chess Club"]
[Date "2020.06.14"]
[Round "3"]
[White "premierchess"]
[Black "Tacticsguy52"]
[Result "1-0"]
[ICCResult "Black resigns"]
[WhiteElo "1486"]
[BlackElo "1267"]
[Opening "Ruy Lopez: Marshall, Herman Steiner variation"]
[ECO "C89"]
[NIC "RL.17"]
[Time "15:13:53"]
[TimeControl "900+10"]

1. e4 e5 2. Nf3 Nc6 3. Bb5 a6 4. Ba4 Nf6 5. O-O Be7 6. Re1 b5 7. Bb3 O-O 8.
c3 d5 9. exd5 e4 10. dxc6 exf3 11. Qxf3 Bg4 12. Qg3 Bd6 13. Qh4 Re8 14. Re3
Bf4 15. Rxe8+ Qxe8 16. f3 g5 17. Qf2 Bf5 18. g3 Bd6 19. d4 h6 20. a4 Qxc6
21. axb5 axb5 22. Rxa8+ Qxa8 23. Na3 Qc6 24. Qe2 b4 25. Nb5 bxc3 26. bxc3 g4
27. Nxd6 cxd6 28. Qe7 Nd5 29. Bxd5 Qxd5 30. Bxh6 Qa8 31. Qf6 Qa1+ 32. Kf2
Qb2+ 33. Ke3 Qc1+ 34. Ke2 Qc2+ 35. Bd2 gxf3+ 36. Kxf3 Qxd2 37. Qxf5 Qxc3+
38. Ke4 Qc2+ 39. Kf4 Qd2+ 40. Ke4 Qc2+ 41. Kf4 Qd2+ 42. Kg4 Qxd4+ 43. Qf4
Qd1+ 44. Kg5 Qd5+ 45. Qf5 Qd2+ 46. Kf6 Qd4+ 47. Kg5 Qd2+ 48. Qf4 Qd5+ 49.
Kg4 Qd1+ 50. Kh4 Qd3 51. g4 Qh7+ 52. Kg3 Qd3+ 53. Qf3 Qd4 54. h4 Qe5+ 55.
Kh3 d5 56. h5 Kg7 57. Qg3 Qg5 58. Qc3+ Kh7 59. Qd4 f5 60. Qa7+ Kh6 61. Qa6+
Kh7 62. Qb7+ Kh6 63. Qc6+ Kg7 64. Qd7+ Kf6 65. Qd8+ {Black resigns} 1-0

[Event "ICC tourney 1878 (15 10)"]
[Site "Internet Chess Club"]
[Date "2020.06.14"]
[Round "3"]
[White "piplup0621"]
[Black "woodychess"]
[Result "0-1"]
[ICCResult "White forfeits on time"]
[WhiteElo "1372"]
[BlackElo "1481"]
[Opening "QGD semi-Slav"]
[ECO "D43"]
[NIC "SL.03"]
[Time "15:14:17"]
[TimeControl "900+10"]

1. Nf3 Nf6 2. c4 c6 3. d4 d5 4. Nc3 e6 5. g3 dxc4 6. Bg2 Be7 7. O-O O-O 8.
Ne5 Nbd7 9. Nxc4 Nb6 10. Ne5 Nbd5 11. e4 Nxc3 12. bxc3 Nd7 13. Nxd7 Qxd7 14.
e5 b6 15. Qg4 Kh8 16. Qh5 Bb7 17. Be4 g6 18. Qf3 f5 19. exf6 Bxf6 20. Bh6
Bg7 21. Bxg7+ Qxg7 22. Qg4 e5 23. Rad1 Rad8 24. dxe5 Qxe5 25. Qh4 Rxd1 26.
Rxd1 Qg7 27. Rd8 Kg8 28. Rxf8+ Qxf8 29. Qg4 Qf7 30. Bd3 b5 31. a4 a6 32. c4
Kf8 33. cxb5 cxb5 34. axb5 Qd5 35. Qf4+ Ke8 36. Qe3+ Kd7 37. f3 axb5 38. Qe2
b4 39. Be4 Qd4+ 40. Kg2 Bxe4 41. fxe4 Ke7 42. Kf3 b3 43. Qb5 Qc3+ 44. Kf4
Qc1+ 45. Kf3 b2 46. Qb7+ Kf6 47. e5+ Kxe5 48. Qe7+ Kd4 49. Qe4+ Kc3 50. Qc6+
Kd2 51. Qd5+ Kc2 52. Qe4+ Kb3 53. Qb7+ Ka2 54. Qa6+ Kb1 55. Qd3+ Qc2 56.
Qf1+ Ka2 57. Qa6+ Kb3 58. Qb5+ Kc3 59. Qc5+ Kd3 60. Qd5+ Kc3 61. Qc5+ Kb3
62. Qb5+ Ka3 63. Qa6+ Qa4 64. Qd6+ Qb4 65. Qa6+ Kb3 66. Qe6+ Kc2 67. Qe2+
Qd2 {White forfeits on time} 0-1

[Event "ICC tourney 1878 (15 10)"]
[Site "Internet Chess Club"]
[Date "2020.06.14"]
[Round "3"]
[White "shaashwath"]
[Black "InfernoKing"]
[Result "0-1"]
[ICCResult "White checkmated"]
[WhiteElo "1383"]
[BlackElo "1473"]
[Opening "King's Indian: orthodox, Aronin-Taimanov, 9.Ne1"]
[ECO "E98"]
[NIC "KI.03"]
[Time "15:13:45"]
[TimeControl "900+10"]

1. d4 Nf6 2. c4 g6 3. Nc3 Bg7 4. e4 d6 5. Nf3 O-O 6. Be2 e5 7. O-O Nc6 8. d5
Ne7 9. Ne1 Nd7 10. Be3 f5 11. f3 f4 12. Bf2 g5 13. Rc1 Rf6 14. Nd3 Rh6 15.
c5 Qe8 16. g4 fxg3 17. Bxg3 Nxc5 18. Nxc5 dxc5 19. Nb5 Qd7 20. Rxc5 c6 21.
dxc6 Nxc6 22. Bc4+ Kf8 23. Rd5 Qe7 24. Bf2 b6 25. Nd6 Bh3 26. Nf5 Bxf5 27.
exf5 Rd8 28. Qe2 Rhd6 29. Qe4 Nd4 30. Rxd6 Qxd6 31. Kg2 Bf6 32. Rd1 Qe7 33.
a3 Kg7 34. Be1 Qc5 35. Bd3 Qd5 36. Qg4 Nxf3 37. Qxf3 e4 38. Qh3 exd3+ 39.
Kg1 Bxb2 40. Qe3 Bd4 41. Bc3 Bxc3 42. Qe7+ Kh8 43. f6 Bd4+ 44. Kf1 Qh1#
{White checkmated}
0-1

[Event "ICC tourney 1878 (15 10)"]
[Site "Internet Chess Club"]
[Date "2020.06.14"]
[Round "3"]
[White "kapilank"]
[Black "sirking2800"]
[Result "1-0"]
[ICCResult "Black resigns"]
[WhiteElo "1527"]
[BlackElo "1451"]
[Opening "Ruy Lopez: closed (10...c5)"]
[ECO "C96"]
[NIC "RL.23"]
[Time "15:14:06"]
[TimeControl "900+10"]

1. e4 e5 2. Nf3 Nc6 3. Bb5 a6 4. Ba4 Nf6 5. O-O Be7 6. Re1 b5 7. Bb3 O-O 8.
c3 d6 9. h3 Na5 10. Bc2 c5 11. b4 cxb4 12. cxb4 Nc6 13. a3 a5 14. bxa5 Qxa5
15. Bb2 Be6 16. Nc3 b4 17. Ne2 bxa3 18. Rxa3 Qb6 19. Qa1 Rxa3 20. Bxa3 Ra8
21. Qc3 Rc8 22. Rb1 Qa7 23. Qe3 Qxe3 24. dxe3 Na5 25. Bd3 Bc4 26. Rc1 Bf8
27. Nd2 Bxd3 28. Rxc8 Bxe2 29. Bxd6 Nd7 30. Bxf8 Nxf8 31. Rc5 Nb7 32. Rxe5
Ne6 33. Nb3 Bc4 34. Nd4 Nbd8 35. Ra5 Kf8 36. Ra7 g6 37. Kh2 Kg7 38. Kg3 Nc5
39. Rc7 Nxe4+ 40. Kf4 Bd3 41. Rd7 g5+ 42. Ke5 Nxf2 43. Rxd8 Bf1 44. Nf5+ Kg6
45. Rg8+ Kh5 46. g4+ Nxg4+ 47. hxg4+ Kxg4 48. Nh6+ Kf3 49. Rxg5 Kxe3 50.
Nxf7 Bd3 51. Rg3+ Kd2 52. Ng5 h5 53. Kd4 Be2 54. Rg2 Kd1 55. Ke3 Bg4 56. Ne4
Kc1 57. Nf2 Be6 58. Nd3+ Kb1 59. Kd4 h4 60. Rh2 h3 61. Nf2 {Black resigns}
1-0